 Dungeon Crawl Stone Soup version 0.32-a0-872-g59262bdc9b (webtiles) character file.

Game seed: 11021836091780663612

2850856 GloriousHammer the Sabretooth (level 27, 222/222 HPs)
             Began as a Felid Berserker on Mar 27, 2024.
             Was the Champion of Trog.
             Escaped with the Orb
             ... and 5 runes on Mar 30, 2024!
             The game lasted 03:40:31 (82424 turns).

GloriousHammer the Sabretooth (Felid Berserker)    Turns: 82424, Time: 03:40:31

Health: 222/222    AC: 34    Str: 14    XL:     27
Magic:  35/35      EV: 47    Int: 17    God:    Trog [******]
Gold:   5267       SH:  7    Dex: 23    Spells: 26/26 levels left
                                        Lives:  1   Deaths: 7

rFire   . .          .
                       - Unarmed
rCold   + . .        (shield unavailable)
rNeg    + + .        (body armour unavailable)
rPois   ∞            (helmet unavailable)
rElec   +            (cloak unavailable)
rCorr   .            (gloves unavailable)
SInv    +            (boots unavailable)
Will    ++++.        E - amulet of reflection
Stlth   +++          o - ring of the Octopus King {HP+2 MP+9 AC+2 EV+2 SH+2}
HPRegen 0.57/turn    Y - ring "Founu" {rPois rC+ rN+ Stlth+}
MPRegen 0.24/turn

%: reflection
@: statue-form, studying Dodging, very slow
A: slow and powerful, torment resistance 1, boosted hp, very small, claws 1,
fangs 3, see invisible, (shaggy fur 3), stealthy paws, no weapons or thrown
items, no armour, multi-lived, horns 1, (iridescent scales 2), clever 1,
deterioration 1, screaming 1, electricity resistance, weak 1, noise suppression
0: Orb of Zot
}: 5/15 runes: serpentine, barnacled, slimy, silver, abyssal
a: Begin Untransformation, Renounce Religion, Berserk, Trog's Hand, Brothers in
Arms


You escaped.
You worshipped Trog.
Trog was exalted by your worship.
You were a living statue of rough stone.
You visited 12 branches of the dungeon, and saw 56 of its levels.
You visited the Abyss 1 time.
You visited 1 bazaar.
You also visited: Sewer, Ossuary, Ice Cave and Wizlab.

You collected 9991 gold pieces.
You spent 4724 gold pieces at shops.

Inventory:

Jewellery
 e - a +5 ring of evasion
 f - a ring of protection from fire
 g - the ring "Unwel" {Fly rPois rF- rC++ Dex-2}
   (You bought it in a shop on level 5 of the Dungeon)

   [ring of flight]

   Dex-2:     It affects your dexterity (-2).
   rF-:       It makes you vulnerable to fire.
   rC++:      It greatly protects you from cold.
   rPois:     It protects you from poison.
   Fly:       It grants you flight.
 h - the ring of Agoshahi {Ice rN+ Will+}
   (You found it on level 3 of the Crypt)

   [ring of ice]

   Ice:       It enhances your ice magic.
   rF-:       It makes you vulnerable to fire.
   rC+:       It protects you from cold.
   rN+:       It protects you from negative energy.
   Will+:     It increases your willpower.
 o - a ring of the Octopus King (left paw) {HP+2 MP+9 AC+2 EV+2 SH+2}
   (You found it on level 3 of the Depths)

   [ring of magical power]

   AC+2:      It affects your AC (+2).
   EV+2:      It affects your evasion (+2).
   HP+2:      It affects your health (+2).
   MP+9:      It affects your magic capacity (+9).
   SH+2:      It affects your SH (+2).
 y - the ring of Qiuziameo {Wiz rElec rF- rN++ Will+}
   (You found it on level 3 of the Crypt)

   [ring of wizardry]

   Wiz:       It improves your spell success rate.
   rF-:       It makes you vulnerable to fire.
   rElec:     It insulates you from electricity.
   rN++:      It greatly protects you from negative energy.
   Will+:     It increases your willpower.
 C - a ring of protection from cold
 E - an amulet of reflection (around neck)
 F - the ring "Yro Iquf" {rF+ Will+}
   (You acquired it on level 3 of the Realm of Zot)

   [ring of willpower]

   rF+:       It protects you from fire.
   Will+:     It increases your willpower.
 I - the amulet "Degit" {Spirit ^Contam Rampage rC+ Str+3}
   (You took it off a deep elf master archer on level 3 of the Elven Halls)

   [amulet of guardian spirit]

   Spirit:    It causes incoming damage to be divided between your reserves of
   health and magic.
   Str+3:     It affects your strength (+3).
   rC+:       It protects you from cold.
   ^Contam:   It causes magical contamination when unequipped.
   Rampage:   It bestows one free step when moving towards enemies.
 L - a ring of flight
 R - a ring of resist corrosion
 T - a +4 ring of protection
 V - the ring "Noeklyit" {rC+ rN+ Str+2 Int+3}
   (You bought it in a shop on level 5 of the Dungeon)

   [ring of protection from cold]

   Str+2:     It affects your strength (+2).
   Int+3:     It affects your intelligence (+3).
   rC+:       It protects you from cold.
   rN+:       It protects you from negative energy.
 X - the ring "Otogheuc" {+Blink rN++ Will- Dex+6}
   (You found it on level 5 of the Pits of Slime)

   [ring of dexterity]

   Dex+6:     It affects your dexterity (+6).
   rN++:      It greatly protects you from negative energy.
   Will-:     It decreases your willpower.
   +Blink:    It lets you blink.
 Y - the ring "Founu" (right paw) {rPois rC+ rN+ Stlth+}
   (You acquired it on level 3 of the Realm of Zot)

   [ring of protection from cold]

   rC+:       It protects you from cold.
   rPois:     It protects you from poison.
   rN+:       It protects you from negative energy.
   Stlth+:    It makes you more stealthy.
Talismans
 p - a granite talisman (active)
 M - a blade talisman
Wands
 b - a wand of flame (8) (quivered)
 l - a wand of polymorph (40)
 G - a wand of digging (37)
 K - a wand of mindburst (39)
 Q - a wand of paralysis (55)
 S - a wand of iceblast (72)
 Z - a wand of quicksilver (23)
Scrolls
 i - 8 scrolls of vulnerability
 k - 3 scrolls of silence
 m - 12 scrolls of immolation
 q - 7 scrolls of noise
 u - 12 scrolls of poison
 x - 5 scrolls of fog
 D - 21 scrolls of teleportation
 H - 13 scrolls of fear
 O - 10 scrolls of blinking
Potions
 a - 14 potions of heal wounds
 c - 8 potions of resistance
 d - 10 potions of cancellation
 n - 13 potions of mutation
 r - 9 potions of magic
 s - 3 potions of invisibility
 t - 23 potions of curing
 v - 10 potions of enlightenment
 w - 5 potions of berserk rage
 z - 15 potions of attraction
 A - 18 potions of ambrosia
 B - 15 potions of haste
 P - 14 potions of might
Miscellaneous
 J - a tin of tremorstones (2/2)
 N - a lightning rod (4/4)
 U - a phantom mirror (inert)
 W - a box of beasts (inert)


   Skills:
 + Level 25.0 Fighting
 O Level 27 Dodging
 + Level 16.6 Stealth
 O Level 27 Unarmed Combat
 - Level 3.1 Invocations
 + Level 22.8 Evocations
 + Level 20.6 Shapeshifting


You had 26 spell levels left.
You didn't know any spells.
Your spell library was empty.

Dungeon Overview and Level Annotations

Branches:
Dungeon (15/15)            Temple (1/1) D:4            Lair (5/5) D:8
 Shoals (4/4) Lair:2        Snake (4/4) Lair:2        Slime (5/5) Lair:4
    Orc (2/2) D:11            Elf (3/3) Orc:2        Vaults (5/5) D:14
  Crypt (3/3) Vaults:2       Tomb (0/3) Crypt:3      Depths (4/4) D:15
    Zot (5/5) Depths:4      Sewer (visited)         Ossuary (visited)
  IceCv (visited)          WizLab (visited)

Altars:
Ashenzari
Cheibriados
Dithmenos
Elyvilon
Fedhas
Gozag
Hepliaklqana
Kikubaaqudgha
Makhleb
Nemelex Xobeh
Okawaru
Qazlal
Ru
Sif Muna
Trog
Uskayaw
Vehumet
Wu Jian
Xom
Yredelemnul
Zin
The Shining One
Beogh
Jiyva

Shops:
D:2 *   D:5 =!(   D:7 :   D:9 :   D:11 (   Orc:2 =:[(*   Elf:3 [   Shoals:2 [!*
Shoals:4 [   Snake:3 =(*=(   Snake:4 :((!:   Vaults:2 [   Vaults:4 *

Portals:
Hell: Depths:1 Depths:2 Depths:3 Depths:4
Abyss: Orc:1 Depths:3
Pandemonium: Depths:2 Depths:4
Ziggurat: Depths:4

Annotations:
Elf:2 3 runed translucent doors


Innate Abilities, Weirdness & Mutations

You are a living statue of rough stone.
Your actions are slow, but your melee attacks are powerful.
You are resistant to unholy torment.
Your maximum health is greatly increased.
You are immune to poison.
You have sharp claws.
You have razor-sharp teeth.
You have supernaturally acute eyesight. (SInv)
((Your thick and shaggy fur keeps you warm. (AC +3, rC+)))
Your paws help you pounce on unaware monsters.
You are incapable of wielding weapons or throwing items.
You cannot wear armour.
You gain extra lives every three experience levels.
You have a pair of small horns on your head.
((You are mostly covered in iridescent scales. (AC +4)))
Your mind is acute. (Int +4, Str/Dex -1)
Your body sometimes deteriorates upon taking damage.
You occasionally shout uncontrollably at your foes.
You are resistant to electric shocks. (rElec)
You are weak. (Str -2)
You passively dampen the noise of your surroundings.


Message History

There is a staircase to the Depths here.
A red devil comes into view. It is wielding a +0 trident.
There is a stone staircase leading up here.
You climb upwards.
An Orb Guardian comes into view.
There is a stone staircase leading down here.
You eviscerate the Orb Guardian!!! Your claw misses the Orb Guardian.
The Orb Guardian is severely wounded.
The Orb Guardian completely misses you.
You mangle the Orb Guardian!!
You kill the Orb Guardian!
Trog accepts your kill.
You feel your intelligence returning.
A sixfirhy comes into view.
You see here an ugly thing skeleton.
There is a stone staircase leading up, spattered with blood here.
You climb upwards.
There is a stone staircase leading down here.
You see here a shapeshifter skeleton.
An Orb Guardian comes into view.
There is a stone staircase leading up here.
You climb upwards.
A shadow demon comes into view.
There is a stone staircase leading down here.
You eviscerate the shadow demon!!!
You headbutt the shadow demon, but do no damage.
You claw the shadow demon, but do no damage.
You bite the shadow demon!
The shadow demon is almost dead.
You barely miss the shadow demon.
The shadow demon is almost dead.
You eviscerate the shadow demon!!!!
You kill the shadow demon!
Trog accepts your kill.
You see here a +0 chain mail.
There is a stone staircase leading up here.
You climb upwards.
There is a stone staircase leading down here.
There is an open door here.
There is a stone staircase leading up here.
You climb upwards.
There is a stone staircase leading down here.
There is a stone staircase leading up, spattered with blood here.
You climb upwards.
There is a stone staircase leading down here.
There is a stone staircase leading up here.
You climb upwards.
There is a stone staircase leading down here.
You see here the felid skeleton of GloriousHammer.
Things that are here:
a +0 orcbow; a centaur skeleton An Orb Guardian comes into view.
There is a stone staircase leading up, spattered with blood here.
You climb upwards.
There is a stone staircase leading down here.
You feel yourself speed up.
There is an open door here.
There is a stone staircase leading up here.
You climb upwards.
There is a stone staircase leading down here.
There is a stone staircase leading up here.
You climb upwards.
There is a stone staircase leading down here.
You see here a +0 ring mail.
There is a stone staircase leading up here.
You climb upwards.
There is a stone staircase leading down here.
There is a stone staircase leading up here.
Your extra speed is starting to run out.
You climb upwards.
There is a stone staircase leading down here.
You feel yourself slow down.
No target in view!
There is a stone staircase leading up here.
You climb upwards.
There is a stone staircase leading down here.
There is a stone staircase leading up here.
You climb upwards.
There is a stone staircase leading down here.
There is an open door here.
The goblin shouts!
The oni shouts!
The dwarf shouts!
The formicid shouts!
The human shouts!
The minotaur bellows!
The troll shouts!
The demonspawn shouts!
The demigod shouts!
The gnoll shouts!
The spriggan shouts!
The octopode shouts!
The vine stalker shouts!
There is an open door here.
There is a staircase leading out of the dungeon here.
As you read the scroll of summoning, it crumbles to dust.
Wisps of shadow whirl around you...
You open the lid... ...and an elder shockfire beast leaps out!
The box is emptied!
You have escaped!

##.#.#.# ...#.#.#
.....#.# ######.#
.......#
###############
#9#H#6#H#Q#x#f####
###############gg#
..............b.I#
###############gH#
#K#T#p#g#i#n#m####
###############
#..)........#
#.#########.# #.#
#.# #.# #.#
..#########.#


You could see a friendly elder shockfire beast (summoned), a friendly hobgoblin
(summoned), 2 friendly goblins and a friendly bat (summoned, wandering).

Vanquished Creatures
  the Royal Jelly (Slime:5)
  2 dread liches
  Khufu (Crypt:2)
  4 orbs of fire (Zot:5)
  2 ancient liches
  2 juggernauts (Depths:3)
  2 royal mummies (Crypt:2)
  Vv (Zot:3)
  Boris (thrice) (Vaults:2 Vaults:4)
  Margery (Crypt:2)
  9 Killer Klowns
  The ghost of Raxkuugy the Crack Shot, a master TeHu of Fedhas (Crypt:2)
  8 golden dragons
  7 caustic shrikes
  5 curse toes
  Nikola (Elf:1)
  Norris (Elf:1)
  5 bone dragons
  A shard shrike zombie (Crypt:2)
  Jorgrun (Snake:1)
  3 hellephants
  4 electric golems
  A Cloud Mage (WizLab)
  The ghost of bakla the Warrior, an adept CoWr of Jiyva (Elf:1)
  An Ice Fiend (Zot:5)
  5 liches
  11 tentacled monstrosities
  2 walking crystal tomes
  A Hell Sentinel (Zot:1)
  A walking earthen tome (Depths:3)
  26 Orb Guardians
  Asterion (Depths:2)
  7 titans
  2 deep elf master archers (Elf:3)
  5 quicksilver dragons
  A walking divine tome (Depths:3)
  5 deep elf blademasters
  An Executioner (Depths:4)
  27 acid blobs
  10 ancient champions
  A walking frostbound tome (Depths:3)
  9 tentacled starspawn
  2 krakens
  2 sphinxes
  Polyphemus (Shoals:4)
  Frances (Shoals:1)
  8 death cobs
  5 tengu reavers
  A thorn hunter (Abyss:3)
  Agnes (Snake:1)
  Aizul (Snake:1)
  17 storm dragons
  11 shadow dragons
  2 revenants
  Roxanne (D:15)
  3 draconian monks
  4 nagarajas
  10 fire giants
  Donald (Crypt:2)
  9 draconian knights
  13 azure jellies (Slime:5)
  3 protean progenitors
  10 rockslimes (Slime:5)
  A daeva (Abyss:2)
  2 deep elf sorcerers
  3 draconian scorchers
  10 frost giants
  8 deep elf elementalists
  3 caustic shrike zombies
  The ghost of Blomdor the Bludgeoner, a journeyman CoFi of Okawaru (Orc:1)
  19 vault wardens
  4 draconian shifters
  3 iron dragons
  2 curse skulls
  6 ghouls
  A cacodemon (Depths:1)
  An angel (Abyss:2)
  2 orc warlords
  4 ghost moths
  16 ironbound preservers
  A reaper (Zot:1)
  11 quicksilver oozes
  3 draconian annihilators
  3 caustic shrike skeletons (Crypt:3)
  5 formless jellyfish
  17 stone giants
  14 very ugly things
  7 ironbound thunderhulks
  6 deep elf demonologists
  Nessos (D:13)
  A juggernaut skeleton (Crypt:3)
  14 spark wasps
  Azrael (Elf:1)
  4 green draconians
  10 vampire knights
  7 black draconians
  A bunyip (Abyss:2)
  6 purple draconians
  7 yellow draconians
  12 deep elf death magi
  9 deep elf annihilators
  A war gargoyle (Vaults:5)
  6 red draconians
  7 white draconians
  11 dire elephants
  An elf zombie (Crypt:2)
  5 eidola
  3 merfolk javelineers (Shoals:4)
  15 ettins
  A green death (Abyss:2)
  An entropy weaver (shapeshifter) (Depths:4)
  7 merfolk impalers
  2 blizzard demons (WizLab)
  10 jiangshi
  Josephine (D:11)
  5 great orbs of eyes
  6 deep elf high priests
  3 spriggan zombies (Crypt:2)
  Fannar (D:12)
  7 fire dragons
  16 yaktaur captains
  3 rakshasas
  2 entropy weavers
  2 juggernaut simulacra (Depths:3)
  34 vault guards
  4 ice dragons
  2 sphinx zombies (Crypt:3)
  5 salamander tyrants (Snake:4)
  6 ghost crabs (WizLab)
  6 spriggan air magi
  2 merfolk aquamancers
  6 hydras
  2 alligators (Zot:3)
  2 alligator snapping turtles
  2 catoblepae
  5 merfolk avatars
  4 ogre magi
  10 ironbound frosthearts
  2 fenstrider witch skeletons (Crypt:3)
  6 boulder beetles
  16 anacondas
  7 dancing weapons
  A spriggan skeleton (Crypt:3)
  11 centaur warriors
  21 two-headed ogres
  A bennu skeleton (Crypt:3)
  4 death yaks (Shoals:4)
  A satyr (Shoals:4)
  6 deep troll shamans
  7 hell hogs
  3 death knights
  16 naga sharpshooters
  2 orc high priests (Elf:1)
  7 spriggan berserkers
  8 tengu warriors
  6 vampire magi
  8 deep troll earth magi
  2 occultists
  6 shock serpents
  A spriggan (Depths:4)
  8 thrashing horrors
  10 naga warriors
  Nergalle (D:11)
  A quicksilver ooze zombie (Crypt:3)
  Sonja (D:13)
  A sun demon (Depths:4)
  9 skysharks
  A soul eater (Crypt:1)
  10 deep elf knights
  A fire crab (shapeshifter) (D:13)
  5 hell knights
  3 shadow wraiths
  A sixfirhy (Depths:1)
  A titan skeleton (Crypt:3)
  51 skeletal warriors
  5 salamander mystics
  12 wretched stars
  A storm dragon skeleton (Abyss:2)
  67 deep trolls
  6 naga ritualists
  2 sun moths (Zot:3)
  A death drake (WizLab)
  3 swamp dragons
  2 bunyip zombies
  6 iron trolls
  4 bog bodies
  13 mana vipers
  11 deep elf archers
  5 flayed ghosts
  An iron giant skeleton (Crypt:3)
  4 thermic dynamos
  A shadow demon (D:12)
  A mana viper (shapeshifter) (Depths:2)
  8 sea snakes
  4 glowing orange brains
  16 phantasmal warriors
  A spriggan simulacrum (Crypt:3)
  5 arcanists
  5 necromancers
  13 starcursed masses
  2 obsidian bats
  17 deep elf zephyrmancers
  8 lindwurms
  A stone giant zombie (Crypt:3)
  23 ironbound convokers
  7 orc knights
  A harpy (shapeshifter) (Orc:1)
  51 harpies
  27 deep elf pyromancers
  A tengu skeleton (Depths:3)
  8 shining eyes
  39 ugly things
  A cyclops (shapeshifter) (Orc:1)
  A wolf spider (shapeshifter) (Vaults:5)
  28 salamanders
  Maurice (D:11)
  3 orc sorcerers
  A manticore (shapeshifter) (Depths:4)
  8 fauns
  5 worldbinders
  An oklob plant (Lair:5)
  13 manticores
  A faun (shapeshifter) (Vaults:4)
  2 iron dragon skeletons (Crypt:3)
  A meliai (shapeshifter) (D:13)
  9 merfolk sirens
  15 cyclopes
  28 moths of wrath
  18 naga magi
  8 meliai
  31 black mambas
  2 kobold blastminers (Orc:1)
  6 smoke demons
  The ghost of smashvw the Trooper, a novice VSFi of Uskayaw (D:6)
  A shock serpent zombie (Crypt:1)
  6 elephants
  8 water nymphs
  A shock serpent skeleton (Crypt:2)
  10 apocalypse crabs
  An eye of devastation (Slime:5)
  2 gargoyles (D:8)
  4 guardian serpents
  A mana viper zombie (Crypt:3)
  2 orange demons (Depths:1)
  A draconian skeleton (Crypt:3)
  A torpor snail (Lair:1)
  A hellion (Depths:4)
  2 naga skeletons (Crypt:3)
  19 vault sentinels
  7 rime drakes
  4 centaur skeletons
  A steelbarb worm zombie (Crypt:1)
  2 dire elephant skeletons (Crypt:3)
  27 yaktaurs
  20 cane toads
  A minotaur zombie (Crypt:1)
  13 large abominations
  3 freezing wraiths
  A komodo dragon (shapeshifter) (Depths:3)
  An unseen horror (D:10)
  6 ancient zymes
  2 tengu conjurers
  2 tormentors
  A white draconian zombie (Crypt:2)
  7 komodo dragons
  Psyche (D:11)
  13 trolls
  5 guardian mummies (Crypt:3)
  2 harpy zombies (Crypt:1)
  22 merfolk
  A queen bee (D:9)
  A troll (shapeshifter) (D:8)
  A wind drake (shapeshifter) (D:13)
  A hornet (Depths:4)
  5 polar bears
  A purple draconian skeleton (Crypt:1)
  3 wind drakes
  A hornet (shapeshifter) (D:15)
  3 glass eyes
  15 raiju
  6 snapping turtles
  3 tyrant leeches (Lair:5)
  11 dream sheep
  31 blink frogs
  4 ettin zombies (Crypt:2)
  2 harpy skeletons (Crypt:3)
  54 slime creatures
  An ice dragon skeleton (Crypt:3)
  The ghost of GloriousHammer the Ducker, an amateur FeBe of Trog (D:3)
  A centaur simulacrum (D:15)
  An ettin skeleton (Crypt:3)
  20 water elementals
  2 wyverns (D:8)
  A jumping spider (Lair:1)
  3 shadows
  5 ynoxinuls
  A dire elephant simulacrum (IceCv)
  8 air elementals (WizLab)
  5 basilisks
  2 vampires
  6 fire elementals
  41 yaks
  4 wargs
  16 wraiths
  A yak (shapeshifter) (Abyss:1)
  3 fire bats (Abyss:3)
  9 humans (Zot:1)
  11 vampire mosquitoes
  A golden eye (Abyss:1)
  2 redbacks (Lair:1)
  A steam dragon (D:6)
  2 neqoxecs
  Menkaure (D:5)
  A water nymph zombie (Crypt:2)
  34 nagas
  4 acid dragons
  A naga zombie (Crypt:1)
  3 chaos spawn
  3 hell hounds (Elf:1)
  Duvessa (D:5)
  14 water moccasins
  An ice beast (D:7)
  A sky beast (D:7)
  3 black bears
  7 small abominations (Abyss:2)
  41 laughing skulls
  25 orc warriors
  22 ogres
  10 wolves
  A dream sheep skeleton (Crypt:2)
  13 centaurs
  9 boggarts
  A phantom (D:6)
  3 kobold brigands
  A hog skeleton (Crypt:1)
  A gnoll sergeant (D:7)
  3 brain worms
  18 bullfrogs
  A cyclops zombie (Crypt:2)
  6 scorpions
  3 cane toad simulacra (IceCv)
  22 wights
  An earth elemental (Elf:3)
  A warg skeleton (Crypt:3)
  Dowan (D:5)
  A shapeshifter zombie (Crypt:3)
  An elephant simulacrum (IceCv)
  36 killer bees
  3 howler monkeys (D:8)
  A bombardier beetle (D:3)
  4 lava snakes (Lair:2)
  4 crimson imps (Depths:1)
  A centaur zombie (Ossuary)
  6 hounds
  A quasit (Abyss:1)
  A bullfrog zombie (Crypt:3)
  3 human zombies (Ossuary)
  6 jellies
  3 gnoll boudas
  15 orc priests
  4 iguanas
  An iron imp (Abyss:2)
  3 sleepcaps
  34 orc wizards
  5 scorpion zombies (Ossuary)
  A human skeleton (Crypt:2)
  5 hell rats (Lair:2)
  An acid dragon zombie (Crypt:1)
  An ogre skeleton (Crypt:2)
  11 mummies
  12 gnolls
  3 river rats (Sewer)
  10 adders
  A steam dragon skeleton (Crypt:2)
  A shadow imp (D:8)
  6 white imps
  5 ufetubi
  2 adder zombies (Ossuary)
  An iguana skeleton (Crypt:3)
  4 dart slugs
  2 ribbon worms
  115 orcs
  18 ball pythons
  4 endoplasms
  6 giant cockroaches
  2 gnoll zombies (Ossuary)
  4 hobgoblins
  2 jackals (Sewer)
  7 quokkas
  2 ball python zombies (Ossuary)
  7 bats
  A bombardier beetle zombie (Crypt:3)
  7 frilled lizards
  A giant cockroach zombie (Crypt:1)
  4 goblins
  18 kobolds
  An orc zombie (Ossuary)
  6 rats
  A river rat skeleton (Crypt:1)
  2 aspiring fleshes
  3 lurking horrors
  A starspawn tentacle (Abyss:3)
2693 creatures vanquished.

Vanquished Creatures (collateral kills)
  A Killer Klown (Zot:5)
  Rupert (D:14)
  A reaper (Crypt:2)
  A vampire knight (Crypt:2)
  A merfolk javelineer (Shoals:4)
  A great orb of eyes (Slime:5)
  A hydra (D:15)
  A merfolk avatar (Shoals:4)
  2 boulder beetles (Lair:1)
  A two-headed ogre (D:15)
  A tengu warrior (D:15)
  A shock serpent (Snake:4)
  A sea snake (Shoals:1)
  2 skeletal warriors (Crypt:2)
  2 mana vipers
  A lindwurm (Lair:1)
  A naga ritualist (Snake:3)
  A salamander (Snake:4)
  A manticore (Shoals:1)
  A black mamba (Snake:4)
  A merfolk siren (Shoals:4)
  A naga mage (Snake:3)
  A large abomination (Abyss:3)
  A merfolk (Shoals:4)
  An orc warrior (D:15)
  An ogre (D:15)
  2 lava snakes (Lair:1)
  An orc (D:15)
32 creatures vanquished.

Vanquished Creatures (others)
  An ironbound preserver (Vaults:4)
  An entropy weaver (Abyss:3)
  A spriggan air mage (WizLab)
  A merfolk aquamancer (Shoals:4)
  A deep elf knight (Elf:2)
  A harpy (Lair:2)
  A deep elf pyromancer (Elf:1)
  3 deep elf zephyrmancers
  An air elemental (WizLab)
  A laughing skull (Abyss:2)
  A brain worm (Abyss:3)
  An orc (Vaults:5)
  17 starspawn tentacles
  4 tentacles (Shoals:1)
35 creatures vanquished.

Grand Total: 2760 creatures vanquished

Notes
Turn   | Place    | Note
-------+----------+-------------------------------------------
     0 | D:1      | GloriousHammer the Felid Berserker began the quest for the
                  | Orb.
     0 | D:1      | Reached XP level 1. HP: 12/12 MP: 2/2
     2 | D:1      | Noticed a vine stalker
     2 | D:1      | Noticed a merfolk
     4 | D:1      | Noticed an octopode
     4 | D:1      | Noticed a ghoul
     6 | D:1      | Noticed a tengu
     6 | D:1      | Noticed a spriggan
     8 | D:1      | Noticed an armataur
    10 | D:1      | Noticed a demonspawn
    10 | D:1      | Noticed a demigod
    12 | D:1      | Noticed a minotaur
    12 | D:1      | Noticed a troll
    14 | D:1      | Noticed a gargoyle
    16 | D:1      | Noticed a vampire
    16 | D:1      | Noticed a human
    18 | D:1      | Noticed a barachi
    18 | D:1      | Noticed a djinni
    20 | D:1      | Noticed a naga
    20 | D:1      | Noticed a formicid
    22 | D:1      | Noticed a dwarf
    24 | D:1      | Noticed a felid
    24 | D:1      | Noticed an oni
    26 | D:1      | Noticed an elf
    28 | D:1      | Noticed a draconian
   120 | D:1      | Reached skill level 1 in Stealth
   120 | D:1      | Reached XP level 2. HP: 11/16 MP: 3/3
   983 | D:2      | Reached XP level 3. HP: 20/20 MP: 4/4
  1322 | D:2      | Found a faded altar of an unknown god.
  1327 | D:2      | Reached XP level 4. HP: 24/24 MP: 5/5
  1327 | D:2      | Gained a life (2 lives remaining)
  1345 | D:2      | Reached ** piety under Trog
  1607 | D:2      | Found Cioqoll's Assorted Antiques.
  1615 | D:2      | Bought a metallic inky potion for 24 gold pieces
  1615 | D:2      | Bought a scroll labelled PUSUKK SE DAZXYH for 27 gold
                  | pieces
  1615 | D:2      | Bought a fuming cyan potion for 24 gold pieces
  1688 | D:3      | Found a glowing drain.
  1747 | Sewer    | Entered a sewer
  1877 | Sewer    | Reached XP level 5. HP: 29/29 MP: 6/6
  2266 | Sewer    | Reached skill level 5 in Unarmed Combat
  2321 | Sewer    | HP: 1/29 [kobold brigand/+0 dagger (6)]
  2323 | Sewer    | Gained mutation: You are covered in thick fur. (AC +2)
                  | [Felid growth]
  2323 | Sewer    | Reached XP level 6. HP: 1/33 MP: 7/7
  3447 | D:3      | Found a glowing silver altar of Zin.
  3447 | D:3      | Found a glowing golden altar of the Shining One.
  3447 | D:3      | Found a white marble altar of Elyvilon.
  3580 | D:3      | Found a runed translucent gate.
  3581 | D:3      | Found a runed translucent gate.
  3582 | D:3      | Found a runed translucent gate.
  3584 | D:3      | Noticed GloriousHammer's ghost (amateur FeBe)
  3671 | D:3      | Found a roughly hewn altar of Beogh.
  3926 | D:4      | Found a shadowy altar of Dithmenos.
  4066 | D:4      | Reached XP level 7. HP: 38/38 MP: 8/8
  4076 | D:4      | Found a shimmering altar of Xom.
  4077 | D:4      | Found a basalt altar of Yredelemnul.
  4171 | D:4      | Found a sand-covered staircase.
  4185 | Ossuary  | Entered an ossuary
  4205 | Ossuary  | Reached *** piety under Trog
  4268 | Ossuary  | Reached skill level 5 in Fighting
  4743 | Ossuary  | Reached skill level 5 in Dodging
  5086 | D:4      | Reached XP level 8. HP: 35/44 MP: 9/9
  5216 | D:4      | Found a staircase to the Ecumenical Temple.
  5302 | Temple   | Entered the Ecumenical Temple
  5591 | D:5      | Entered Level 5 of the Dungeon
  5598 | D:5      | Identified the +7 mace "Edwaem" {freeze, rF+ Str+4}
  5675 | D:5      | Found Idiyh's Jewellery Emporium.
  5978 | D:5      | Found an ornate altar of the Wu Jian Council.
  6024 | D:5      | Found Iroxoan's Weapon Boutique.
  6066 | D:5      | Noticed Menkaure
  6075 | D:5      | Killed Menkaure
  6112 | D:5      | Found Sofijaan's Distillery.
  6124 | D:5      | Bought a potion of lignification for 36 gold pieces
  6124 | D:5      | Bought a potion of curing for 36 gold pieces
  6395 | D:5      | Noticed Dowan
  6401 | D:5      | Found a shimmering blue altar of Sif Muna.
  6405 | D:5      | Killed Dowan
  6458 | D:5      | Noticed Duvessa
  6469 | D:5      | Killed Duvessa
  6470 | D:5      | Reached XP level 9. HP: 13/49 MP: 10/10
  6611 | D:5      | Found a bloodstained altar of Trog.
  6897 | D:5      | Upgraded the game from 0.32-a0-841-g4648e6c457 to
                  | 0.32-a0-859-gb0a091d592
  6983 | D:6      | Found a runed translucent door.
  6984 | D:6      | Noticed a two-headed ogre
  6984 | D:6      | Noticed smashvw's ghost (novice VSFi)
  7278 | D:6      | Reached **** piety under Trog
  7725 | D:6      | Reached skill level 10 in Unarmed Combat
  7857 | D:6      | Noticed a manticore
  7867 | D:6      | Killed a manticore
  8516 | D:6      | Reached XP level 10. HP: 56/56 MP: 11/11
  8685 | D:3      | Killed GloriousHammer's ghost
  8971 | D:7      | HP: 1/56 [gnoll/+0 spear[a gnoll sergeant] (9)]
  9253 | D:7      | Found Litueser's Book Boutique.
  9632 | D:7      | Noticed a boulder beetle
  9640 | D:7      | Killed a boulder beetle
  9830 | D:7      | Found a hazy altar of Hepliaklqana.
  9996 | D:7      | Found a sparkling altar of Nemelex Xobeh.
 10267 | D:8      | Noticed a two-headed ogre
 10380 | D:8      | Found a staircase to the Lair.
 10433 | D:8      | Reached skill level 10 in Dodging
 10443 | D:8      | Reached skill level 1 in Evocations
 10824 | D:8      | Found an iron altar of Okawaru.
 10826 | D:8      | Found a runed translucent door.
 10828 | D:8      | Noticed a gargoyle
 10830 | D:8      | Noticed a two-headed ogre
 10830 | D:8      | Found the +0 toga "Victory" {*Victory Clar}
 10835 | D:8      | Noticed a gargoyle
 11088 | D:8      | Noticed a boulder beetle
 11111 | D:8      | Found a burning altar of Makhleb.
 11498 | D:8      | Noticed a two-headed ogre
 11529 | Lair:1   | Entered Level 1 of the Lair of Beasts
 11556 | Lair:1   | Reached XP level 11. HP: 49/62 MP: 7/12
 11581 | Lair:1   | Reached ***** piety under Trog
 11612 | D:8      | HP: 2/62 [yak (3)]
 11613 | D:8      | Mangled by a yak
 11613 | D:8      | Lost a life (1 life remaining)
 11723 | D:8      | Killed a two-headed ogre
 12046 | D:8      | Killed a two-headed ogre
 12047 | D:8      | Noticed a tengu warrior
 12060 | D:8      | Slain by a tengu warrior
 12060 | D:8      | Lost a life (0 lives remaining)
 12462 | D:8      | Noticed a deep elf pyromancer
 12475 | D:8      | Killed a deep elf pyromancer
 12921 | Lair:1   | Reached skill level 5 in Evocations
 12973 | Lair:1   | Reached skill level 10 in Fighting
 13083 | Lair:1   | Gained mutation: Your thick and shaggy fur keeps you warm.
                  | (AC +3, rC+) [Felid growth]
 13083 | Lair:1   | Reached XP level 12. HP: 67/67 MP: 9/13
 13083 | Lair:1   | Gained a life (1 life remaining)
 13260 | Lair:1   | Found a glowing golden altar of the Shining One.
 13301 | Lair:1   | Mangled by a komodo dragon
 13301 | Lair:1   | Lost a life (0 lives remaining)
 13567 | Lair:1   | Found a runed translucent door.
 13584 | Lair:1   | Identified the +1 hat of Tosuff {rF+}
 13625 | Lair:1   | Identified the +5 whip "Dyiw" {vamp, rElec Will++ Str+3
                  | Stlth+}
 13628 | Lair:1   | Found a runed translucent gate.
 13628 | Lair:1   | Found a runed translucent gate.
 13628 | Lair:1   | Found a runed translucent gate.
 13628 | Lair:1   | Found a runed translucent gate.
 13628 | Lair:1   | Noticed a boulder beetle
 13629 | Lair:1   | Found a runed translucent gate.
 13631 | Lair:1   | Found a runed translucent gate.
 13631 | Lair:1   | Noticed a boulder beetle
 13986 | Lair:1   | Killed a boulder beetle
 13989 | Lair:1   | Killed a boulder beetle
 14415 | Lair:2   | Found a staircase to the Shoals.
 14652 | Lair:2   | Noticed a four-headed hydra
 14663 | Lair:2   | Killed a four-headed hydra
 14832 | Lair:2   | Reached skill level 15 in Unarmed Combat
 15016 | Lair:2   | You fall into a shaft and drop 2 floors!
 15016 | Lair:4   | Noticed a four-headed hydra
 15019 | Lair:4   | Killed a four-headed hydra
 15023 | Lair:4   | Identified 2 scrolls of acquirement
 15029 | Lair:4   | Acquired a manual of Unarmed Combat
 15088 | Lair:4   | Found a frozen archway.
 15122 | IceCv    | Entered an ice cave
 15405 | Lair:4   | Reached skill level 1 in Shapeshifting
 15421 | Lair:4   | Found a runed translucent door.
 15421 | Lair:4   | Found a viscous altar of Jiyva.
 15421 | Lair:4   | Found a staircase to the Slime Pits.
 15421 | Lair:4   | Noticed an acid blob
 15421 | Lair:4   | Noticed an acid blob
 15471 | Lair:4   | Noticed a catoblepas
 15490 | Lair:4   | Killed a catoblepas
 15491 | Lair:4   | Reached XP level 13. HP: 43/74 MP: 6/14
 15491 | Lair:4   | Gained a life (1 life remaining)
 16587 | Lair:2   | Found a staircase to the Snake Pit.
 16652 | Lair:2   | Identified the +4 trident of Fuckih {freeze, *Rage ^Fragile
                  | rElec Stlth+}
 17093 | Lair:3   | Acquired a manual of Fighting
 17886 | Lair:5   | Entered Level 5 of the Lair of Beasts
 18586 | Lair:5   | Identified the +0 scale mail of Yesterday {rCorr}
 19062 | Lair:5   | Reached skill level 15 in Dodging
 19062 | Lair:5   | Reached XP level 14. HP: 63/81 MP: 11/15
 19062 | Lair:5   | Gained a life (2 lives remaining)
 19777 | Lair:5   | Acquired a serpent talisman
 19956 | D:6      | Killed smashvw's ghost
 20076 | D:8      | Reached skill level 5 in Shapeshifting
 20657 | D:9      | Found a blossoming altar of Fedhas.
 20872 | D:9      | Reached ****** piety under Trog
 20990 | D:9      | Found Rosajutt's Book Boutique.
 21341 | D:10     | Entered Level 10 of the Dungeon
 22320 | D:10     | Found a stormy altar of Qazlal.
 22430 | D:11     | Noticed Maurice
 22432 | D:11     | Maurice stole a blade talisman
 22435 | D:11     | Killed Maurice
 22485 | D:11     | Noticed Josephine
 22485 | D:11     | Noticed Psyche
 22492 | D:11     | Killed Psyche
 22496 | D:11     | Killed Josephine
 22830 | D:11     | Found Seujea Nari's Weapon Shop.
 23144 | D:11     | Found a staircase to the Orcish Mines.
 24121 | D:11     | Noticed Nergalle
 24129 | D:11     | Killed Nergalle
 24206 | Orc:1    | Entered Level 1 of the Orcish Mines
 24265 | D:11     | Upgraded the game from 0.32-a0-859-gb0a091d592 to
                  | 0.32-a0-868-g153ae1a8d6
 24533 | Orc:1    | Found a transporter.
 24557 | Orc:1    | Noticed an orc warlord
 24558 | Orc:1    | Noticed Blomdor's ghost (journeyman CoFi)
 24855 | Orc:1    | Found a roughly hewn altar of Beogh.
 25104 | Orc:1    | Found a transporter.
 25396 | Orc:2    | Entered Level 2 of the Orcish Mines
 25398 | Orc:2    | Found Moabluar's Jewellery Shop.
 25439 | Orc:2    | Found a staircase to the Elven Halls.
 25983 | Orc:2    | Reached skill level 5 in Stealth
 26438 | Orc:2    | Found Jogomebb's Antique Armour Emporium.
 26439 | Orc:2    | Found Suihesh's General Store.
 26444 | Orc:2    | Found Poicyub's Book Shop.
 26454 | Orc:2    | Found Vixulalido's Antique Weapon Emporium.
 26474 | Orc:2    | Reached XP level 15. HP: 58/86 MP: 7/16
 27027 | Orc:2    | Bought a +4 ring of protection for 576 gold pieces
 27027 | Orc:2    | Bought an amulet of regeneration for 480 gold pieces
 27181 | D:12     | Noticed Fannar
 27206 | D:12     | Killed Fannar
 27772 | D:12     | Identified the +2 rapier of Action {flame, rElec rC++ rCorr
                  | MP-9}
 28098 | D:13     | You fall into a shaft and drop 2 floors!
 28098 | D:15     | Entered Level 15 of the Dungeon
 28115 | D:15     | Found a staircase to the Depths.
 28115 | D:15     | Noticed a fire giant
 28633 | D:13     | Noticed Sonja
 28636 | D:13     | Killed Sonja
 28651 | D:13     | Noticed Nessos
 28672 | D:13     | Killed Nessos
 29240 | D:13     | Reached skill level 10 in Shapeshifting
 30409 | D:14     | Noticed Rupert
 30414 | D:14     | Paralysed by Rupert for 3 turns
 30419 | D:14     | Killed Rupert
 30565 | D:14     | Found a gate to the Vaults.
 30623 | D:14     | Reached skill level 15 in Fighting
 30665 | D:15     | Upgraded the game from 0.32-a0-868-g153ae1a8d6 to
                  | 0.32-a0-871-ge202e49faa
 30797 | D:15     | Found a broken altar of Ashenzari.
 30907 | D:15     | Noticed Roxanne
 31156 | D:15     | Reached XP level 16. HP: 95/95 MP: 17/17
 32018 | D:15     | Killed Roxanne
 32193 | D:5      | Bought 2 potions of enlightenment for 120 gold pieces
 32193 | D:5      | Bought a potion of attraction for 36 gold pieces
 32467 | D:5      | Bought the ring "Unwel" {Fly rPois rF- rC++ Dex-2} for 350
                  | gold pieces
 32620 | Snake:1  | Entered Level 1 of the Snake Pit
 32806 | Snake:1  | Noticed Agnes
 32898 | Snake:1  | Identified the serpent talisman "Nucuth" {rN++}
 32898 | Snake:1  | Noticed Aizul
 32911 | Snake:1  | Killed Aizul
 33271 | Snake:1  | Noticed Jorgrun
 33560 | Snake:1  | Killed Jorgrun
 35391 | Snake:2  | Shot with an arrow by a naga sharpshooter
 35391 | Snake:2  | Lost a life (1 life remaining)
 36329 | Snake:3  | Found Dimme's Antique Weapon Shop.
 36403 | Snake:3  | Reached XP level 17. HP: 93/100 MP: 18/18
 36403 | Snake:3  | Gained a life (2 lives remaining)
 36541 | Snake:3  | Found Uchar's Weapon Emporium.
 36615 | Snake:3  | Found Vymiasiw's Jewellery Shoppe.
 36641 | Snake:3  | Found Sisuhas's Assorted Antiques.
 36702 | Snake:3  | Bought a blue potion for 29 gold pieces
 36702 | Snake:3  | Bought a scroll of identify for 66 gold pieces
 36702 | Snake:3  | Bought a golden potion for 29 gold pieces
 36702 | Snake:3  | Bought a scroll of identify for 66 gold pieces
 37171 | Snake:3  | Found Ofalere's Jewellery Shop.
 37996 | Snake:1  | Killed Agnes
 38109 | Snake:4  | Entered Level 4 of the Snake Pit
 38189 | Snake:4  | Found Qeul's Distillery.
 38210 | Snake:4  | Found Idamousit's Self-Published Books.
 38246 | Snake:4  | Found Moux's Antique Weapon Shoppe.
 38310 | Snake:4  | HP: 4/105 [salamander/+0 spear (12)]
 38310 | Snake:4  | Mangled by a salamander
 38310 | Snake:4  | Lost a life (1 life remaining)
 38739 | Snake:4  | Found Poivog's Antique Weapon Shoppe.
 38813 | Snake:4  | Found Kuozepn's Tremendous Tomes.
 39258 | Snake:4  | Reached skill level 10 in Evocations
 39371 | Snake:4  | Got a serpentine rune of Zot
 39804 | Shoals:1 | Entered Level 1 of the Shoals
 39983 | Shoals:1 | Reached XP level 18. HP: 108/108 MP: 19/19
 40074 | Shoals:1 | Identified the +4 arbalest of Mens Rea {freeze, Fly rC++}
 40118 | Shoals:1 | Noticed Frances
 40126 | Shoals:1 | Killed Frances
 40767 | Shoals:2 | Found Buasuhof's Antique Armour Boutique.
 40921 | Shoals:2 | Found Plog's General Store.
 40975 | Shoals:2 | Acquired 904 gold pieces
 41173 | Shoals:2 | Found Luba's Distillery.
 42729 | Shoals:4 | Entered Level 4 of the Shoals
 42841 | Shoals:4 | Noticed Polyphemus
 42873 | Shoals:4 | Killed Polyphemus
 43056 | Shoals:4 | Reached skill level 15 in Shapeshifting
 43088 | Shoals:4 | HP: 6/128 [snapping turtle (22)]
 43102 | Shoals:4 | Got a barnacled rune of Zot
 43317 | Shoals:4 | Found the +3 pair of gauntlets of War {Slay+5}
 43329 | Shoals:4 | Found Borhuaz's Antique Armour Shoppe.
 44390 | Vaults:1 | Entered Level 1 of the Vaults
 44450 | Vaults:1 | Reached XP level 19. HP: 114/114 MP: 20/20
 44450 | Vaults:1 | Gained a life (2 lives remaining)
 45530 | Vaults:2 | Found Sehu's Armour Emporium.
 45561 | Vaults:2 | Noticed a bone dragon
 45562 | Vaults:2 | Identified the +4 robe "Evawufap" {rC++ Int-3 Dex+3}
 45562 | Vaults:2 | Noticed Boris
 45590 | Vaults:2 | Killed a bone dragon
 45606 | Vaults:2 | Killed from afar by Boris
 45606 | Vaults:2 | Lost a life (1 life remaining)
 45607 | Vaults:2 | Found a staircase to the Crypt.
 45945 | Vaults:2 | Killed Boris
 46605 | Vaults:2 | Reached skill level 10 in Stealth
 47408 | Vaults:3 | Reached XP level 20. HP: 120/120 MP: 21/21
 48261 | Vaults:4 | Identified the +4 robe of the Old and Reckless {Regen+
                  | Str+2}
 48262 | Vaults:4 | Noticed Boris
 48275 | Vaults:4 | Killed Boris
 48350 | Vaults:4 | Found Uretolei's Assorted Antiques.
 48358 | Vaults:4 | Bought a gilded ring for 195 gold pieces
 49801 | Elf:1    | Entered Level 1 of the Elven Halls
 49804 | Elf:1    | Noticed Nikola
 49826 | Elf:1    | Killed Nikola
 49890 | Elf:1    | Found a transporter.
 49893 | Elf:1    | Noticed Azrael
 49895 | Elf:1    | Found a bloodstained altar of Trog.
 49898 | Elf:1    | Killed Azrael
 50128 | Elf:1    | Found a transporter.
 50134 | Elf:1    | Noticed bakla's ghost (adept CoWr)
 50186 | Elf:1    | Noticed Norris
 50211 | Elf:1    | Killed Norris
 50864 | Elf:2    | Reached XP level 21. HP: 126/126 MP: 22/22
 51195 | Elf:2    | Found a runed translucent gate.
 51195 | Elf:2    | Found a runed translucent gate.
 51195 | Elf:2    | Found a runed translucent gate.
 51318 | Elf:3    | Entered Level 3 of the Elven Halls
 51396 | Elf:3    | Found a magical portal.
 51415 | WizLab   | Entered The Chambers of the Cloud Mage
 51455 | WizLab   | Paralysed by an air elemental for 1 turns
 51521 | WizLab   | Paralysed by an air elemental for 1 turns
 52489 | Elf:3    | Reached skill level 15 in Evocations
 52746 | Elf:3    | Found Sirch's Antique Armour Shop.
 53010 | Elf:3    | Identified the amulet "Degit" {Spirit ^Contam Rampage rC+
                  | Str+3}
 53523 | Elf:3    | Identified the +3 orcbow of Death's Door {freeze, ^Fragile
                  | rPois Int+3 Dex+2}
 53552 | Elf:3    | Identified the staff "Puexat" {rF+ rC+ Ice}
 53560 | Elf:3    | Identified the +4 falchion of Interdependent Arising
                  | {protect, +Blink rPois Str-3}
 53861 | Elf:3    | Identified the +7 halberd "Kaom" {freeze, Str+5}
 54568 | Depths:1 | Entered Level 1 of the Depths
 55044 | Depths:1 | Found a gateway to Hell.
 55137 | Depths:1 | Found a shimmering altar of Xom.
 55467 | Depths:2 | Upgraded the game from 0.32-a0-871-ge202e49faa to
                  | 0.32-a0-872-g59262bdc9b
 55487 | Depths:2 | Reached XP level 22. HP: 133/133 MP: 16/23
 55487 | Depths:2 | Gained a life (2 lives remaining)
 55641 | Depths:2 | Found a flickering gateway to a bazaar.
 55658 | Bazaar   | Entered a bazaar
 55672 | Bazaar   | Found Osaulem's Jewellery Emporium.
 55672 | Bazaar   | Found Maeneril's Weapon Shoppe.
 55695 | Bazaar   | Found Aboped's General Store.
 55695 | Bazaar   | Found Tupino Dotidgh's Antique Armour Shoppe.
 55715 | Bazaar   | Found Hat Saen's Antique Weapon Emporium.
 55821 | Depths:2 | Found a one-way gate leading to the halls of Pandemonium.
 56006 | Depths:2 | Noticed Asterion
 56012 | Depths:2 | Killed Asterion
 56238 | Depths:2 | Gained mutation: Your body sometimes deteriorates upon
                  | taking damage. [mutagenic glow]
 56757 | Depths:2 | Identified the +1 ring mail of Tortelloni {+Blink rN++}
 56930 | Depths:2 | Lost mutation: Your body sometimes deteriorates upon taking
                  | damage. [potion of mutation]
 56930 | Depths:2 | Gained mutation: You occasionally lose the ability to drink
                  | potions when taking damage. [potion of mutation]
 56930 | Depths:2 | Gained mutation: Your mind is acute. (Int +4, Str/Dex -1)
                  | [potion of mutation]
 56930 | Depths:2 | Gained mutation: You possess an exceptional clarity of
                  | mind. [potion of mutation]
 56931 | Depths:2 | Lost mutation: Your mind is acute. (Int +4, Str/Dex -1)
                  | [potion of mutation]
 56931 | Depths:2 | Lost mutation: You occasionally lose the ability to drink
                  | potions when taking damage. [potion of mutation]
 56931 | Depths:2 | Lost mutation: You possess an exceptional clarity of mind.
                  | [potion of mutation]
 56931 | Depths:2 | Gained mutation: You are frail. (-10% HP) [potion of
                  | mutation]
 56931 | Depths:2 | Gained mutation: You are agile. (Dex +4, Str/Int -1)
                  | [potion of mutation]
 56931 | Depths:2 | Gained mutation: You occasionally shout uncontrollably at
                  | your foes. [potion of mutation]
 56932 | Depths:2 | Lost mutation: You are frail. (-10% HP) [potion of
                  | mutation]
 56932 | Depths:2 | Lost mutation: You occasionally shout uncontrollably at
                  | your foes. [potion of mutation]
 56932 | Depths:2 | Gained mutation: You are robust. (+10% HP) [potion of
                  | mutation]
 56932 | Depths:2 | Gained mutation: Your mind is acute. (Int +4, Str/Dex -1)
                  | [potion of mutation]
 56932 | Depths:2 | Gained mutation: You passively dampen the noise of your
                  | surroundings. [potion of mutation]
 57204 | Depths:3 | Noticed a caustic shrike
 57299 | Depths:3 | Identified the +3 great sword "Eplaofil" {freeze, rF+ Int+3
                  | Dex+2 SInv}
 57442 | Depths:3 | Killed a caustic shrike
 57470 | Depths:3 | Found the ring of the Octopus King
 57493 | Depths:3 | Identified a ring of the Octopus King {HP+2 MP+9 AC+2 EV+2
                  | SH+2}
 57593 | Depths:3 | Noticed a caustic shrike
 57596 | Depths:3 | Identified the +9 glaive of the Candelabrum {flame, rC+
                  | Dex+2}
 57598 | Depths:3 | Killed a caustic shrike
 57600 | Depths:3 | Identified the +7 lajatang of Tewycidghiu {freeze, rElec}
 57666 | Depths:3 | Found a one-way gate to the infinite horrors of the Abyss.
 57801 | Depths:3 | Noticed a juggernaut
 57832 | Depths:3 | Killed a juggernaut
 57897 | Depths:3 | Noticed a golden dragon
 57901 | Depths:3 | Killed a golden dragon
 57942 | Depths:3 | Noticed a juggernaut
 57956 | Depths:3 | Killed a juggernaut
 58202 | Depths:3 | Identified the +0 robe "Haig" {^Contam *Corrode Int+6
                  | Archmagi}
 58666 | Depths:3 | Reached XP level 23. HP: 154/154 MP: 24/24
 58711 | Depths:4 | Entered Level 4 of the Depths
 58721 | Depths:4 | Reached skill level 1 in Invocations
 58989 | Depths:4 | Found a one-way gateway to a ziggurat.
 59152 | Depths:4 | Noticed a caustic shrike
 59153 | Depths:4 | Noticed a caustic shrike
 59155 | Depths:4 | Noticed a caustic shrike
 59167 | Depths:4 | Killed a caustic shrike
 59175 | Depths:4 | Noticed a caustic shrike
 59183 | Depths:4 | Killed a caustic shrike
 59187 | Depths:4 | Killed a caustic shrike
 59191 | Depths:4 | Killed a caustic shrike
 59233 | Depths:4 | Noticed a caustic shrike
 59240 | Depths:4 | Killed a caustic shrike
 59366 | Depths:4 | Found a stormy altar of Qazlal.
 59411 | Depths:4 | Found a gate to the Realm of Zot.
 59910 | Crypt:1  | Entered Level 1 of the Crypt
 60864 | Crypt:1  | Identified the +7 spear "Nadol" {flame, rPois rC+ Will-
                  | Dex+2}
 60872 | Crypt:1  | Identified the +1 great sword "Lifebane" {flame, rPois
                  | Will+ Dex+4}
 61161 | Crypt:2  | Identified the +1 kite shield of Discretion {^Drain rC+
                  | Will+}
 61161 | Crypt:2  | Noticed Donald
 61168 | Crypt:2  | Killed Donald
 61189 | Crypt:2  | Found a runed translucent gate.
 61189 | Crypt:2  | Found a runed translucent gate.
 61189 | Crypt:2  | Found a runed translucent gate.
 61194 | Crypt:2  | Noticed Raxkuugy's ghost (master TeHu)
 61358 | Crypt:2  | Found a basalt altar of Yredelemnul.
 61510 | Crypt:2  | Noticed Margery
 61519 | Crypt:2  | Killed Margery
 61609 | Crypt:2  | Noticed a royal mummy
 61610 | Crypt:2  | Noticed Khufu
 61618 | Crypt:2  | Noticed a royal mummy
 61622 | Crypt:2  | Killed a royal mummy
 61628 | Crypt:2  | Killed a royal mummy
 61656 | Crypt:2  | Killed Khufu
 62001 | Crypt:2  | Identified the +0 robe "Panlejogh" {MP-9 Dex+8 Stlth-
                  | Archmagi}
 63092 | Crypt:2  | Killed Raxkuugy's ghost
 63093 | Crypt:2  | Reached XP level 24. HP: 161/161 MP: 26/26
 63217 | Crypt:2  | Found a basalt altar of Yredelemnul.
 63857 | Crypt:3  | Entered Level 3 of the Crypt
 64243 | Crypt:3  | Found a staircase to the Tomb.
 64540 | Crypt:3  | Found an ancient bone altar of Kikubaaqudgha.
 64560 | Crypt:3  | Noticed a dread lich
 64700 | Crypt:3  | Killed a dread lich
 64943 | Crypt:3  | Identified the ring "Pipi Munk" {rElec rF- rN++ Str+6 SInv}
 64943 | Crypt:3  | Identified the ring of Qiuziameo {Wiz rElec rF- rN++ Will+}
 65079 | Crypt:3  | Identified the ring of Agoshahi {Ice rN+ Will+}
 65677 | D:5      | Bought the ring "Noeklyit" {rC+ rN+ Str+2 Int+3} for 467
                  | gold pieces
 65892 | Snake:3  | Bought the granite talisman of Puarely {Str-2 Slay+2 SInv}
                  | for 2163 gold pieces
 66635 | Elf:1    | Killed bakla's ghost
 66780 | Orc:1    | Killed Blomdor's ghost
 66916 | Orc:1    | Voluntarily entered the Abyss.
 66987 | Abyss:1  | Found a corrupted altar of Lugonu.
 66991 | Abyss:1  | Found a corrupted altar of Lugonu.
 66991 | Abyss:1  | Found a corrupted altar of Lugonu.
 67509 | Abyss:2  | Identified the +6 tower shield of Anarchy {-Tele rC++
                  | rCorr}
 67817 | Abyss:2  | Found a corrupted altar of Lugonu.
 67897 | Abyss:2  | Found a corrupted altar of Lugonu.
 67903 | Abyss:2  | Found a corrupted altar of Lugonu.
 67903 | Abyss:2  | Found a corrupted altar of Lugonu.
 67966 | Abyss:2  | Identified the +2 short sword of Invincibility {drain, rN++
                  | Will+}
 67978 | Abyss:2  | Identified the +4 rapier "Transmigrator" {freeze, rF+
                  | Dex+4}
 68122 | Abyss:2  | Found a corrupted altar of Lugonu.
 68209 | Abyss:2  | Reached XP level 25. HP: 168/168 MP: 26/26
 68283 | Abyss:3  | Found a corrupted altar of Lugonu.
 68465 | Abyss:3  | Got an abyssal rune of Zot
 68474 | Orc:1    | Escaped the Abyss
 68696 | Slime:1  | Entered Level 1 of the Pits of Slime
 69028 | Slime:5  | Entered Level 5 of the Pits of Slime
 69123 | Slime:5  | Found a viscous altar of Jiyva.
 69123 | Slime:5  | Noticed the Royal Jelly
 69479 | Slime:5  | Gained mutation: You are weak. (Str -2) [a shining eye]
 69515 | Slime:5  | Killed the Royal Jelly
 69803 | Slime:5  | Gained mutation: Your magical capacity is low. (-10% MP) [a
                  | shining eye]
 69805 | Slime:5  | Gained mutation: You are resistant to electric shocks.
                  | (rElec) [a shining eye]
 70041 | Slime:5  | Identified the +2 pair of gloves "Zes Hyw" {rCorr Dex+3}
 70059 | Slime:5  | Identified the ring "Otogheuc" {+Blink rN++ Will- Dex+6}
 70150 | Slime:5  | Identified the +6 dire flail of the Bursted God {flame,
                  | rElec Will+ Int+3 Stlth-}
 70154 | Slime:5  | Got a slimy rune of Zot
 71229 | Zot:1    | Entered Level 1 of the Realm of Zot
 71478 | Zot:1    | Noticed a Killer Klown
 71489 | Zot:1    | Killed a Killer Klown
 73065 | Zot:2    | Identified the +1 ring mail of Exclusion {rCorr Str+2}
 73208 | Zot:3    | Noticed Vv
 73219 | Zot:3    | Killed Vv
 73637 | Zot:3    | Reached XP level 26. HP: 176/176 MP: 23/23
 73736 | Zot:3    | Acquired the ring "Founu" {rPois rC+ rN+ Stlth+}
 73741 | Zot:3    | Acquired the ring "Yro Iquf" {rF+ Will+}
 73824 | Zot:3    | Noticed an ancient lich
 73827 | Zot:3    | Killed an ancient lich
 75730 | Zot:5    | Entered Level 5 of the Realm of Zot
 76357 | Vaults:5 | Entered Level 5 of the Vaults
 76357 | Vaults:5 | Identified the +4 robe of Light {Harm rElec Str+3}
 76357 | Vaults:5 | Noticed Boris
 76446 | Vaults:4 | Killed Boris
 76447 | Vaults:4 | Reached skill level 27 in Unarmed Combat
 77077 | Vaults:5 | Identified the +5 flail "Gekoph" {speed, ^Drain Will+
                  | Str+5}
 77195 | Vaults:5 | Reached skill level 27 in Dodging
 77411 | Vaults:5 | Noticed a dread lich
 77418 | Vaults:5 | Killed a dread lich
 77512 | Vaults:5 | Identified the +7 chain mail of the Aged Nightingales
                  | {Int+2 Dex+2}
 77584 | Vaults:5 | Identified the +9 flail of Certain Death {freeze, rPois
                  | Will- SInv}
 77870 | Vaults:5 | Reached XP level 27. HP: 182/182 MP: 23/23
 77914 | Vaults:5 | Identified the +6 pearl dragon scales of Zimimi {rPois rF-
                  | rC+ rN+ rCorr}
 78208 | Vaults:5 | Got a silver rune of Zot
 78543 | Vaults:5 | Identified the staff of Ashenzari {rF+ rN+ rCorr Int+4
                  | Dex-5 Necro}
 79283 | Zot:5    | Noticed an ancient lich
 79294 | Zot:5    | Killed an ancient lich
 79393 | Zot:5    | Noticed an orb of fire
 79395 | Zot:5    | Gained mutation: You occasionally shout uncontrollably at
                  | your foes. [an orb of fire]
 79404 | Zot:5    | Killed an orb of fire
 79730 | Zot:5    | Reached skill level 15 in Stealth
 80272 | Zot:5    | Noticed an orb of fire
 80272 | Zot:5    | Noticed an orb of fire
 80272 | Zot:5    | Gained mutation: You do not regenerate when monsters are
                  | visible. [an orb of fire]
 80289 | Zot:5    | Killed an orb of fire
 80347 | Zot:5    | Killed from afar by an orb of fire
 80347 | Zot:5    | Lost a life (1 life remaining)
 80964 | Zot:5    | Lost mutation: You are robust. (+10% HP) [an orb of fire]
 80965 | Zot:5    | Killed an orb of fire
 80991 | Zot:5    | Lost mutation: You are agile. (Dex +4, Str/Int -1) [potion
                  | of mutation]
 80991 | Zot:5    | Lost mutation: Your mind is acute. (Int +4, Str/Dex -1)
                  | [potion of mutation]
 80991 | Zot:5    | Lost mutation: Your magical capacity is low. (-10% MP)
                  | [potion of mutation]
 80991 | Zot:5    | Gained mutation: You are agile. (Dex +4, Str/Int -1)
                  | [potion of mutation]
 80991 | Zot:5    | Gained mutation: You have a pair of small horns on your
                  | head. [potion of mutation]
 80991 | Zot:5    | Gained mutation: You are partially covered in iridescent
                  | scales. (AC +2) [potion of mutation]
 80991 | Zot:5    | Gained mutation: You are mostly covered in iridescent
                  | scales. (AC +4) [potion of mutation]
 80992 | Zot:5    | Lost mutation: You do not regenerate when monsters are
                  | visible. [potion of mutation]
 80992 | Zot:5    | Lost mutation: You are agile. (Dex +4, Str/Int -1) [potion
                  | of mutation]
 80992 | Zot:5    | Gained mutation: Your mind is acute. (Int +4, Str/Dex -1)
                  | [potion of mutation]
 81066 | Zot:5    | Noticed an orb of fire
 81074 | Zot:5    | Gained mutation: Your body sometimes deteriorates upon
                  | taking damage. [an orb of fire]
 81075 | Zot:5    | Killed an orb of fire
 81790 | Zot:5    | Identified the +0 scale mail of Capleuc {rN+ Will+}
 81947 | Zot:5    | Got the Orb of Zot
 82424 | D:$      | Escaped with the Orb!

Illustrated notes

Levels and vault maps discovered:
D:1:      kb_arrival_jail, layout_basic
D:2:      layout_basic, hellmonk_ecumenical_altar_blasted, serial_shops,
          nicolae_shop_dealshenge, grunt_ministairs_10
D:3:      layout_loops_cross, good_gods_mini_temple, gup_sewer_entry_pipe,
          biasface_ghost_orc_armoury, minmay_misc_feat_square
D:4:      layout_loops_ring, mainiacjoe_overflow_concentric_impassable,
          mainiacjoe_overflow_divided_tiny, minmay_temple_entry_offerings,
          nicolae_ossuary_entry_ruins
D:5:      layout_layer_cave, nzn_overflow_gifts_of_might_and_magic,
          nicolae_overflow_crystal_walls, serial_shops, nicolae_shop_stone,
          shop_statue, nicolae_shop_stone, uniq_menkaure
D:6:      kennysheep_windowed_halls, layout_loops_cross,
          ebering_ghost_inner_flame
D:7:      layout_basic, mainiacjoe_overflow_paths, lemuel_tele_altar,
          serial_shops, nicolae_shop_gibbet_a_chance
D:8:      minmay_the_grid_plus_closed [minmay_the_grid_small_cups,
          minmay_the_grid_broken_lines, minmay_the_grid_slots,
          minmay_the_grid_x, minmay_the_grid_prize_four_corners], layout_basic,
          makhleb_grotto_becter, nicolae_overflow_guarded_unrand_okawaru_victory
D:9:      layout_loops_ring, fedhas_altar_4, special_room [special_room_bee],
          serial_shops, shop
D:10:     layout_grid_maze, kennysheep_mini
D:11:     layout_stronghold, hiddenorc2_lemuel, serial_shops,
          nicolae_shop_window_shopping, minmay_mirror_moons_of_madness,
          uniq_nergalle, uniq_maurice, uniq_josephine, uniq_psyche
D:12:     layout_loops_corners, uniq_fannar
D:13:     layout_cross, serial_library_hellmonk_room_c,
          minmay_stone_trees_medium, uniq_nessos, uniq_sonja
D:14:     layout_gridville, hellmonk_vaults_attempted_burglary,
          hangedman_glass_teeth, minmay_holes, uniq_rupert
D:15:     grunt_enter_depths_giant_problem, layout_cave_pods,
          ashenzari_conservatory_becter, minmay_fractal_squares_gapless_7,
          uniq_roxanne
Temple:   hellmonk_temple_two_chambers
Lair:1:   gammafunk_indiana_jones, layout_hall_layers, basic_altar,
          beast_lair_carwin_1
Lair:2:   layout_regular_city, elwin_shoals_entry_stream,
          nicolae_snake_entry_warm_welcome, serial_bayou_pond_a
Lair:3:   layout_chaotic_city, grunt_megastairs_2
Lair:4:   layout_hall_layers, slime_entry_2, portal_ice_cave_rime,
          infiniplex_staircase_pool_2
Lair:5:   minmay_lair_end_frog_pond, layout_regular_city,
          minmay_lair_oklob_bushes, minivault_19
Shoals:1: layout_shoals, uniq_frances
Shoals:2: layout_shoals, serial_shops, shop, nicolae_shop_just_a_little_nook,
          shop
Shoals:3: layout_shoals, nicolae_shoals_so_close
Shoals:4: shoals_end_simple, layout_shoals, serial_shops,
          nicolae_shop_real_fake_doors, uniq_polyphemus
Snake:1:  layout_onion_interference, st_stairs_10, lemuel_fruit_tree,
          uniq_agnes, uniq_jorgrun, uniq_aizul
Snake:2:  layout_onion, special_room, nicolae_snake_gridmaze_waves
Snake:3:  layout_chambers, serial_shops, shop,
          nicolae_shop_tiny_real_fake_doors, shop, nicolae_shop_statue_plus,
          nicolae_shop_rolling_square, serial_bayou_shore_b,
          nicolae_triple_integral
Snake:4:  snake_pit_salamanders_mu, layout_misc_corridors, serial_shops, shop,
          nicolae_shop_tiny_real_fake_doors, nicolae_shop_tiny_real_fake_doors,
          nicolae_custom_books, nicolae_shop_i_like_big_books,
          nicolae_snake_salamander_jacuzzi, serial_bayou_shore_a
Slime:1:  layout_caves
Slime:2:  layout_caves
Slime:3:  layout_caves
Slime:4:  layout_caves
Slime:5:  slime_pit_nicolae_block_by_block
Orc:1:    layout_diamond_mine, basic_altar, gammafunk_ghost_abyssal_escape,
          regret_index_minedec_shroomtown_chain
Orc:2:    st_orc_open, layout_diamond_mine, serial_shops,
          nicolae_shop_tiny_statue_garden, nicolae_orc_stony_grotto
Elf:1:    nicolae_elf_arrival_no_cutting_in_line, layout_gridlike,
          gammafunk_ghost_wrathful_warriors, nicolae_elf_blasts_and_bolts,
          uniq_azrael, uniq_nikola, uniq_norris
Elf:2:    nicolae_elf_blades_splatter_lattice
          [nicolae_blade_entry_crossed_weapons], layout_rooms
Elf:3:    grunt_elf_hall_branching, layout_loops_corners, mu_enter_wizlab_7,
          serial_shops, shop, amcnicky_mini_rare_corridor_liquid
Vaults:1: vaults_room_hallway, vaults_room_boxed,
          nicolae_vaults_trapezoid_lopsided_3,
          nicolae_vaults_trapezoid_lopsided_1, nicolae_vaults_layer_cake_slice,
          vaults_dpeg_diagonal, nicolae_vaults_sesquioval_fish,
          nicolae_vaults_surprise_closet_hard, hangedman_vaults_stagger,
          vaults_room_door_ring, ontoclasm_vaults_ring_large, layout_vaults_ring
Vaults:2: v_misc_24, hangedman_vaults_trim, vaults_mumra_bighexcomb,
          grunt_vaults_twisty, nicolae_vaults_diamond_2,
          nicolae_vaults_heart-shaped_vault, layout_vaults_omnigrid,
          minmay_crypt_entry_nasty_monster, serial_shops,
          nicolae_shop_back_alley_shop, uniq_boris
Vaults:3: ontoclasm_vaults_claustrophobia, nicolae_vaults_shrinking_rooms_1,
          nicolae_vaults_variable_pillar_hall, nicolae_vaults_layer_cake_slice,
          nicolae_vaults_storage_closets_2, vaults_room_grid,
          nicolae_vaults_tangram_2, v_misc_15, nicolae_vaults_tetromino_Z_2,
          nicolae_vaults_alarming, vaults_room_fours, layout_vaults_chaotic_city
Vaults:4: nicolae_vaults_crenellated_ambush, nicolae_vaults_sesquioval_fish,
          nicolae_vaults_more_shelving_2, hangedman_vaults_stitches,
          v_alt_pattern_6, nicolae_vaults_little_squares_5,
          nicolae_vaults_frosty_reception, ontoclasm_vaults_ring_large,
          ontoclasm_vaults_loading_screen, nicolae_vaults_little_squares_3,
          v_rooms_4, nicolae_vaults_trapezoid_layered, v_misc_25, serial_ice_h,
          layout_vaults_maze, serial_shops, shop
Vaults:5
Crypt:1:  hangedman_hall_of_fallen_heroes, layout_gridlike
Crypt:2:  layout_basic, gammafunk_ghost_split, roadster_capsule_ark_zombie,
          grunt_megastairs_3, uniq_khufu, uniq_donald, uniq_margery
Crypt:3:  church_of_pain_bobbens, layout_chaotic_city,
          nicolae_tomb_entry_grand_gallery
Depths:1: layout_cave_shapes, grunt_hell_horde, serial_glass, glass_columns_b,
          glass_columns_a, hex_tiny, amcnicky_mini_pool_small,
          serial_sigils_hangedman_clutch, serial_bayou_lagoon_a,
          hangedman_decor_opposing, led_xom_imps
Depths:2: minmay_quarter_circles, layout_basic, serial_shops, bzr_entry_islet,
          hangedman_tar_grid_catacomb, pan_entry, uniq_asterion
Depths:3: box_level_dp, abyss_entry, hell_entry
Depths:4: grunt_zot_entry_funnels, layout_basic, enter_ziggurat_c,
          grunt_pan_entry_spiral, hell_entry, nicolae_qazlal_general_emergency,
          serial_sigils, serial_sigils_hangedman_gnaw,
          serial_sigils_hangedman_writhe, serial_sigils_hangedman_gut,
          serial_sigils_hangedman_snap
Zot:1:    circus_mu, layout_misc_corridors, skrybe_zot_glass_3
Zot:2:    layout_basic, grunt_megastairs_5
Zot:3:    layout_onion_interference, hangedman_player_shredder,
          regret_index_zotdec_banners, uniq_vv, uniq_josephina
Zot:4:    layout_onion_interference, regret_index_zotdec_barnacled_alternative
Zot:5:    layout_misc_corridors

Skill      XL: |  1  2  3  4  5  6  7  8  9 10 11 12 13 14 15 16 17 18 19 20 21 22 23 24 25 26 27 |
---------------+----------------------------------------------------------------------------------+-----
Stealth        | 1 2 3 4 5 8 10 12 13 16 | 16.6
Unarmed Combat | 4 5 6 7 9 10 12 13 15 18 19 20 21 22 23 24 26 27 | 27.0
Fighting       | 4 5 6 7 9 10 11 12 13 15 17 18 19 20 21 22 23 24 25 | 25.0
Dodging        | 5 7 9 10 12 13 15 16 18 19 20 21 22 24 26 27 | 27.0
Evocations     | 3 5 6 7 8 10 12 13 14 15 17 18 19 20 21 22 | 22.8
Shapeshifting  | 1 4 9 10 13 14 15 16 17 18 19 20 | 20.6
Invocations    | 3 |  3.1

Action                     |  1- 3 |  4- 6 |  7- 9 | 10-12 | 13-15 | 16-18 | 19-21 | 22-24 | 25-27 || total
---------------------------+-------+-------+-------+-------+-------+-------+-------+-------+-------++-------
  Melee: Unarmed           |    76 |   187 |   321 |   581 |  1206 |  1048 |  1163 |  1458 |  1294 ||  7334
         Bite              |     5 |    14 |    41 |    79 |   153 |   150 |   146 |   221 |   243 ||  1052
         Punch             |     1 |     9 |    20 |    65 |   151 |   135 |   160 |   262 |   295 ||  1098
         Headbutt          |       |       |       |       |       |       |       |       |    20 ||    20
 Invoke: Berserk           |     5 |     5 |    10 |    13 |    20 |    25 |    18 |    10 |    12 ||   118
         Trog's Hand       |       |     1 |       |     1 |     2 |     7 |     8 |     9 |    10 ||    38
         Brothers in Arms  |       |       |       |     1 |       |     7 |     1 |       |       ||     9
  Evoke: Wand              |       |       |       |     2 |     5 |    19 |    12 |     4 |    36 ||    78
         Phantom mirror    |       |       |       |       |     2 |     1 |     3 |       |     2 ||     8
         Box of beasts     |       |       |       |       |     1 |     1 |       |     1 |     3 ||     6
         Lightning rod     |       |       |       |       |       |       |     3 |     8 |     3 ||    14
         Tin of tremorston |       |       |       |       |       |       |       |       |     1 ||     1
    Use: Scroll            |       |       |     5 |    10 |    10 |     9 |     1 |     1 |    12 ||    48
         Potion            |       |       |       |     1 |       |     4 |     3 |     5 |    16 ||    29
   Stab: Sleeping          |     3 |     7 |    12 |     6 |    17 |    19 |    35 |    78 |    64 ||   241
         Distracted        |       |       |       |     1 |     4 |     4 |     4 |    14 |     6 ||    33
         Paralysed         |       |       |       |       |     1 |       |       |       |     2 ||     3
         Petrified         |       |       |       |       |       |     2 |       |       |       ||     2
         Confused          |       |       |       |       |       |       |       |     1 |       ||     1
         Invisible         |       |       |       |       |       |       |       |       |     2 ||     2
 Armour: Skin              |    27 |    69 |    98 |   145 |   283 |   759 |   597 |   486 |   451 ||  2915
  Dodge: Dodged            |    90 |   163 |   222 |   632 |  1344 |  2036 |  2135 |  2161 |  2135 || 10918
  Block: Other             |       |       |       |       |       |       |       |   333 |   343 ||   676
         Reflection        |       |       |       |       |       |       |       |     4 |    16 ||    20
   Form: Blade             |       |       |       |       |     1 |       |       |       |     1 ||     2
         Statue            |       |       |       |       |       |     1 |       |     2 |     1 ||     4

Table legend: (Time is in decaauts)
 A = Elapsed time spent in this place.
 B = Non-inter-level travel time spent in this place.
 C = Inter-level travel time spent in this place.
 D = Time resting spent in this place.
 E = Time spent auto-exploring this place.
 F = Levels seen in this place.
 G = Mean time per level.
                   A        B        C        D        E       F      G
               +--------+--------+--------+--------+--------+-----+--------+
         Total | 102704 |  94162 |   8542 |  21631 |  46940 |  64 | 1604.8 |
       Dungeon |  21734 |  19089 |   2645 |   4903 |  10046 |  15 | 1448.9 |
        Temple |      1 |      1 |      0 |      0 |      0 |   1 |    1.0 |
          Lair |   8484 |   7155 |   1329 |   2015 |   3381 |   5 | 1696.8 |
        Shoals |   6313 |   6083 |    230 |    682 |   3959 |   4 | 1578.2 |
     Snake Pit |   8700 |   8026 |    674 |   2465 |   3711 |   4 | 2175.0 |
    Slime Pits |   3141 |   3065 |     76 |    958 |   1051 |   5 |  628.2 |
  Orcish Mines |   3363 |   2970 |    393 |    945 |   1112 |   2 | 1681.5 |
   Elven Halls |   5636 |   5174 |    462 |   1347 |   2473 |   3 | 1878.7 |
        Vaults |  11303 |  10425 |    878 |   2294 |   5039 |   5 | 2260.6 |
         Crypt |   7919 |   7625 |    294 |    638 |   5056 |   3 | 2639.7 |
        Depths |   7844 |   7134 |    710 |    124 |   4936 |   4 | 1961.0 |
           Zot |  11958 |  11113 |    845 |   3173 |   5221 |   5 | 2391.6 |
         Abyss |   2048 |   2048 |      0 |    137 |    210 |   3 |  682.7 |
        Bazaar |    170 |    170 |      0 |      0 |      3 |   1 |  170.0 |
         Sewer |   1581 |   1581 |      0 |    644 |    679 |   1 | 1581.0 |
       Ossuary |    858 |    858 |      0 |    443 |     45 |   1 |  858.0 |
      Ice Cave |    220 |    220 |      0 |    200 |      0 |   1 |  220.0 |
        Wizlab |   1424 |   1424 |      0 |    660 |     13 |   1 | 1424.0 |
               +--------+--------+--------+--------+--------+-----+--------+

Top non-repeatable levels by time:
   Zot:5: 4888 daAuts
 Crypt:2: 4063 daAuts
   Elf:3: 2987 daAuts
Vaults:4: 2949 daAuts
     D:8: 2921 daAuts
   Zot:3: 2688 daAuts
 Slime:5: 2612 daAuts
Depths:3: 2548 daAuts
 Snake:3: 2483 daAuts
Vaults:2: 2381 daAuts
Vaults:5: 2342 daAuts
 Snake:4: 2219 daAuts
Shoals:4: 2198 daAuts
Depths:2: 2190 daAuts
  Lair:2: 2176 daAuts
